 Dungeon Crawl Stone Soup version 0.28.0-53-g5a82cb258f (webtiles) character file.

Game seed: 10829583671380935011

2023 Sin92 the Chopper (level 9, -3/68 HPs)
             Began as a Demonspawn Fighter on Aug 11, 2022.
             Was an Elder of Kikubaaqudgha.
             Shot with a sling bullet by Joseph (11 damage)
             ... on level 7 of the Dungeon.
             The game lasted 00:10:40 (9125 turns).

Sin92 the Chopper (Demonspawn Fighter)              Turns: 9125, Time: 00:10:40

Health: -3/68      AC:  9    Str: 21    XL:     9   Next: 3%
Magic:  13/13      EV: 11    Int:  9    God:    Kikubaaqudgha [****..]
Gold:   609        SH:  6    Dex: 13    Spells: 13/13 levels left

rFire   . . .      SeeInvis +   a - +0 war axe
rCold   . . .      Faith    .   c - +1 buckler
rNeg    . . .      Spirit   .   d - +0 ring mail of Calo {rPois Will++ rCorr Stlth-}
rPois   +          Reflect  .   (no helmet)
rElec   .          Harm     .   (no cloak)
rCorr   +          Rampage  .   (no gloves)
Will    ++...                   (no boots)
Stlth   ..........              (no amulet)
HPRegen 0.21/turn               o - ring of see invisible
MPRegen 0.13/turn               (no ring)

@: studying Evocations
A: hooves 2, icy blue scales 2, demonic guardian 2
a: Renounce Religion, Receive Corpses


You were on level 7 of the Dungeon.
You worshipped Kikubaaqudgha.
Kikubaaqudgha was greatly pleased with you.
You visited 1 branch of the dungeon, and saw 8 of its levels.

You collected 609 gold pieces.

Inventory:

Hand Weapons
 a - a +0 war axe (weapon)
 e - a +2 flail of draining
 t - a +0 mace of protection
Missiles
 q - 2 throwing nets (quivered)
Armour
 b - a +0 scale mail
 c - a +1 buckler (worn)
 d - the +0 ring mail of Calo (worn) {rPois Will++ rCorr Stlth-}
   (You found it on level 3 of the Dungeon)

   rPois:     It protects you from poison.
   rCorr:     It protects you from acid and corrosion.
   Will:      It greatly increases your willpower.
   Stlth:     It makes you less stealthy.
Jewellery
 o - a ring of see invisible (left hand)
 r - a ring of magical power
Wands
 j - a wand of acid (9)
 l - a wand of flame (33)
 p - a wand of paralysis (8)
Scrolls
 g - a scroll of summoning {unknown}
 k - 2 scrolls of identify
 u - a scroll of teleportation
 v - a scroll of fear {unknown}
 w - a scroll of immolation {unknown}
Potions
 f - a potion of mutation {unknown}
 h - a potion of flight
 i - a potion of lignification
 m - 3 potions of curing
 n - a potion of heal wounds {unknown}
 s - a potion of magic
 x - a potion of degeneration {unknown}


   Skills:
 + Level 5.1 Fighting
 * Level 5.7 Axes
 + Level 4.5 Armour
 + Level 3.5 Dodging
 + Level 4.5 Shields
 + Level 2.9 Spellcasting
 + Level 3.5 Necromancy
 + Level 4.5 Evocations


You had 13 spell levels left.
You didn't know any spells.
Your spell library contained the following spells:

 Spells                   Type           Power      Damage    Failure   Level
 Animate Skeleton         Necr           14%        N/A       16%         1
 Pain                     Necr           28%        1d5       16%         1
 Sublimation of Blood     Necr           7%         N/A       22%         2
 Vampiric Draining        Necr           7%         2d6       41%         3
 Sandblast                Erth           2%         2d4       54%         1
 Slow                     Hex            4%         N/A       54%         1
 Passwall                 Tmut/Erth      0%         N/A       67%         2
 Animate Dead             Necr           3%         N/A       83%         4
 Dispel Undead            Necr           7%         3d8       83%         4
 Confusing Touch          Hex            1%         N/A       88%         3
 Portal Projectile        Hex/Tloc       2%         N/A       88%         3
 Stone Arrow              Conj/Erth      2%         3d7       88%         3
 Anguish                  Hex/Necr       2%         N/A       97%         4
 Summon Lightning Spire   Summ/Air       1%         N/A       99%         4
 Excruciating Wounds      Necr           3%         N/A       99%         5
 Blade Hands              Tmut           0%         N/A       100%        5
 Death Channel            Necr           3%         N/A       100%        6
 Storm Form               Tmut/Air       0%         N/A       100%        7
 Maxwell's Capacitive Co  Air            0%         ∞         100%        8


Dungeon Overview and Level Annotations

Branches:
Dungeon (8/15)             Temple (0/1) D:6
   Lair: D:8-11

Altars:
Dithmenos
Gozag
Hepliaklqana
Kikubaaqudgha
Okawaru
Qazlal
Ru
Uskayaw
Wu Jian
Zin

Shops:
D:4 !

Portals:
Ossuary: D:7

Annotations:
D:7 Joseph


Innate Abilities, Weirdness & Mutations

You have hoof-like feet.
You are mostly covered in icy blue scales. (AC +3)
A demonic guardian rushes to your aid.


Message History

The centaur shouts!
You hear a shout!
The centaur wields a +0 shortbow.
The centaur shoots an arrow.
The arrow hits you.
The centaur shoots an arrow.
The arrow hits you but does no damage.
The centaur shouts!
The centaur shoots an arrow.
The arrow hits you.
The centaur shoots an arrow.
The arrow hits you!
The centaur wields a +0 shortbow.
The centaur shoots an arrow.
The arrow hits you.
The centaur shoots an arrow.
You block the arrow.
The centaur shoots an arrow.
You block the arrow.
The centaur shoots an arrow.
The arrow closely misses you.
The centaur shoots an arrow.
The arrow closely misses you.
A sourceless malevolence fills the Dungeon...
You fall into a shaft and drop 1 floor!
The shaft crumbles and collapses.
Found a stone staircase leading up.
There is a stone staircase leading up here.
You climb upwards.
You hear the hiss of flowing sand.
There is an entrance to an ossuary on this level.
Hurry and find it before the portal is buried!
There is a stone staircase leading down here.
You hear the rapid hiss of an avalanche of sand very nearby.
You hear the rapid hiss of an avalanche of sand nearby.
There is a stone staircase leading down here.
Joseph, a Mercenary comes into view.
He is wielding a +0 quarterstaff and wearing a +3 leather armour of fire resistance.
Found a sand-covered staircase.
Joseph unwields a +0 quarterstaff.
Joseph wields a +4 hunting sling of flaming.
It bursts into flame!
Joseph shoots a sling bullet.
The sling bullet hits you!!
A demonic guardian appears!
The sling bullet burns you.
You hear the rapid hiss of an avalanche of sand.
Joseph shoots a sling bullet.
The sling bullet hits you! The sling bullet burns you.
* * * LOW HITPOINT WARNING * * *
You swap places.
Joseph shoots a sling bullet.
The sling bullet hits you!
* * * LOW HITPOINT WARNING * * *
The sling bullet burns you.
* * * LOW HITPOINT WARNING * * *
Joseph shoots a sling bullet.
The sling bullet hits you!
You die...
Kikubaaqudgha rasps: "You have failed me!
Welcome... death!"

###### ##..8..########
...............
..8.∩.8......@.
...............
....8..........
.#.........(.....
...........###..@.......
...........+..<..4......
...........#............
...............(...#####
..........##.....###########
.................#.........#
...(.##.####.....##.######.#
..................>.# #.#
######..............#
#.######


You could see Joseph (ally target) and a friendly ice devil (summoned).

Vanquished Creatures
  Eustachio (D:6)
  A water moccasin (D:7)
  Edmund (D:6)
  An ice beast (D:5)
  2 black bears
  3 centaurs
  A kobold brigand (D:6)
  2 water moccasin zombies
  A howler monkey (D:4)
  2 centaur zombies (D:6)
  3 hounds
  An orc priest (D:5)
  A bullfrog skeleton (D:6)
  5 orc wizards
  A hound skeleton (D:4)
  A howler monkey zombie (D:6)
  4 gnolls (D:3)
  11 adders
  An ufetubus (D:4)
  An adder skeleton (D:5)
  A worm (D:2)
  3 dart slugs
  18 orcs
  5 bats
  8 endoplasms
  5 giant cockroaches
  11 goblins
  15 hobgoblins
  9 jackals
  6 quokkas
  8 ball pythons
  A frilled lizard (D:3)
  11 kobolds
  5 rats
150 creatures vanquished.

Vanquished Creatures (collateral kills)
  A sky beast (D:5)
  An orc warrior (D:5)
  A centaur (D:7)
  An orc wizard (D:5)
  An orc (D:5)
  A quokka (D:5)
6 creatures vanquished.

Grand Total: 156 creatures vanquished

Notes
Turn   | Place    | Note
-------+----------+-------------------------------------------
     0 | D:1      | Sin92 the Demonspawn Fighter began the quest for the Orb.
     0 | D:1      | Reached XP level 1. HP: 18/18 MP: 1/1
    13 | D:1      | Found a faded altar of an unknown god.
    85 | D:1      | Prayed at the altar of an unknown god.
    85 | D:1      | Became a worshipper of Kikubaaqudgha
    85 | D:1      | Reached * piety under Kikubaaqudgha
    85 | D:1      | Received a gift from Kikubaaqudgha
   303 | D:1      | Gained mutation: You have large cloven feet. [demonic
                  | ancestry]
   303 | D:1      | Reached XP level 2. HP: 17/24 MP: 2/2
   937 | D:1      | Gained mutation: You are partially covered in icy blue
                  | scales. (AC +2) [demonic ancestry]
   937 | D:1      | Reached XP level 3. HP: 29/29 MP: 3/3
  1534 | D:2      | Reached ** piety under Kikubaaqudgha
  1732 | D:2      | Gained mutation: You are mostly covered in icy blue scales.
                  | (AC +3) [demonic ancestry]
  1732 | D:2      | Reached XP level 4. HP: 34/35 MP: 4/4
  1737 | D:2      | Reached skill level 1 in Dodging
  2642 | D:3      | Reached XP level 5. HP: 34/41 MP: 5/5
  3402 | D:3      | Identified the +0 ring mail of Calo {rPois Will++ rCorr
                  | Stlth-}
  3526 | D:3      | Found a hide-covered altar of Uskayaw.
  3738 | D:4      | Identified a scroll of acquirement
  3738 | D:4      | Acquired a manual of Evocations
  3977 | D:4      | Gained mutation: A weak demonic guardian rushes to your
                  | aid. [demonic ancestry]
  3977 | D:4      | Reached XP level 6. HP: 48/48 MP: 6/6
  3977 | D:4      | Found a shadowy altar of Dithmenos.
  4236 | D:4      | Found Voapt's Distillery.
  4597 | D:5      | Entered Level 5 of the Dungeon
  4657 | D:5      | Noticed an ice beast
  4667 | D:5      | Killed an ice beast
  4667 | D:5      | Reached *** piety under Kikubaaqudgha
  4667 | D:5      | Received a gift from Kikubaaqudgha
  4668 | D:5      | Reached skill level 1 in Evocations
  4786 | D:5      | Found an ornate altar of the Wu Jian Council.
  4800 | D:5      | Reached skill level 1 in Necromancy
  4822 | D:5      | Found an iron altar of Okawaru.
  4871 | D:5      | Reached skill level 1 in Spellcasting
  5101 | D:5      | Gained mutation: A demonic guardian rushes to your aid.
                  | [demonic ancestry]
  5101 | D:5      | Reached XP level 7. HP: 54/54 MP: 8/8
  5861 | D:5      | Gained mutation: You have hoof-like feet. [demonic
                  | ancestry]
  5861 | D:5      | Reached XP level 8. HP: 21/61 MP: 10/10
  6607 | D:6      | Reached **** piety under Kikubaaqudgha
  6757 | D:6      | Noticed Edmund
  6765 | D:6      | Reached skill level 5 in Axes
  6775 | D:6      | Killed Edmund
  7103 | D:6      | Found a hazy altar of Hepliaklqana.
  7135 | D:6      | Found a stormy altar of Qazlal.
  7963 | D:6      | Found a sacrificial altar of Ru.
  7964 | D:6      | Found an opulent altar of Gozag.
  7997 | D:6      | Found an opulent altar of Gozag.
  7997 | D:6      | Found an opulent altar of Gozag.
  8002 | D:6      | Found an opulent altar of Gozag.
  8026 | D:6      | Noticed Eustachio
  8042 | D:6      | Killed Eustachio
  8093 | D:6      | Reached skill level 5 in Fighting
  8285 | D:6      | Found a staircase to the Ecumenical Temple.
  8677 | D:7      | Reached XP level 9. HP: 40/68 MP: 13/13
  9057 | D:7      | You fall into a shaft and drop 1 floor!
  9122 | D:7      | Found a sand-covered staircase.
  9122 | D:7      | Noticed Joseph
  9125 | D:7      | Shot with a sling bullet by Joseph

Illustrated notes

Levels and vault maps discovered:
D:1:      amcnicky_arrival_double_pillar, layout_basic,
          dreamdust_ecumenical_altar_statues, kennysheep_nondescript,
          fountainhead
D:2:      layout_basic, grunt_ministairs_5
D:3:      layout_loops_cross, mainiacjoe_overflow_catwalk,
          general_overflow_altar, kennysheep_generic_room_3
D:4:      cheibrodos_greedy_goblins, layout_cave_pods,
          mainiacjoe_overflow_concentric_impassable, serial_shops,
          nicolae_shop_hallway_plus, minmay_misc_feat_chi
D:5:      layout_loops_corners, mainiacjoe_overflow_paths,
          kennysheep_okawaru_gauntlet
D:6:      layout_gridville, nicolae_qazlal_scattered_showers,
          nicolae_ru_awakened_eye, nicolae_gozag_conspicuous_consumption,
          amcnicky_altar_gilded, minmay_temple_entry_purple_smoke,
          lemuel_flame_loot_1, uniq_eustachio, uniq_edmund
D:7:      layout_basic, nicolae_ossuary_entry_monument, centaur_isle,
          uniq_joseph
D:8:      layout_basic, tgw_trog

Skill      XL: |  1  2  3  4  5  6  7  8 |
---------------+-------------------------+-----
Axes           | 2 3 4 5 |  5.7
Shields        | 3 4 |  4.5
Armour         | 3 4 |  4.5
Dodging        | 1 2 3 |  3.5
Evocations     | 1 2 4 |  4.5
Fighting       | 4 5 |  5.1
Necromancy     | 1 2 3 |  3.5
Spellcasting   | 1 2 |  2.9

Action                   |  1- 3 |  4- 6 |  7- 9 || total
-------------------------+-------+-------+-------++-------
Melee: War axe           |   104 |   165 |   158 ||   427
       Kick              |    13 |    39 |    45 ||    97
Evoke: Wand              |       |     2 |       ||     2
  Use: Scroll            |       |     5 |     2 ||     7
       Potion            |       |     1 |     7 ||     8
Armor: Scale mail        |    64 |    48 |       ||   112
       Ring mail         |       |    49 |    86 ||   135
Dodge: Dodged            |    64 |   100 |    97 ||   261
Block: Buckler           |    35 |    58 |    62 ||   155
